Cogmind - Beta 11.1 @@@ ROGUE MODE // 2022.04.25 @ 16:28:50 Player: Falconhoof Result: Destroyed by S-43 Plague with Heavy Machine Gun Performance ------------- Evolutions (9) 4500 Regions Visited (18) 3600 Robots Destroyed (114) 570 Value Destroyed (3074) 3074 Prototype IDs (16) 320 Alien Tech Used (0) 0 Bonus (1483) 1483 TOTAL SCORE: 13547 Bonus ------- High Alert Combat Kills 190 Follower Combat Kills 293 Entered DSFs 1000 Cogmind --------- Core Integrity 0/1600 Matter 33/300 Energy 99/100 System Corruption 0% Temperature Cool (0) Movement Core (50) Location -1/Access Parts ------- > --- POWER (3) -------- (None) > --- PROPULSION (8) --- (None) > --- UTILITY (10) ----- (None) > --- WEAPON (4) ------- (None) > --- INVENTORY (5) ---- Enhanced Nova Cannon Peak State ------------ > --- POWER ------------ Fusion Compressor Micro Fission Core > --- PROPULSION ------- Impulse Thruster Array Impulse Thruster Array Impulse Thruster Array > --- UTILITY ---------- Experimental Cooling System Matter Filter Hardlight Generator Makeshift Hacking Suite Advanced System Shield Advanced Component Analysis Suite Advanced Recalibrator > --- WEAPON ----------- Dispersion Rifle Quantum Rifle Enhanced Quantum Rifle > --- INVENTORY -------- Fusion Compressor Neutrino Core Cooled VTOL Module Nuclear Pulse Array [Rating: 126] Favorites ----------- Power Light Fission Core Engine Light Ion Engine Power Core Light Fission Core Reactor Antimatter Reactor Propulsion Cooled VTOL Module Treads Improved Treads Leg Aluminum Leg Flight Unit Cooled VTOL Module Utility Medium Storage Unit Device Terrain Scanner Storage Medium Storage Unit Processor Improved Targeting Computer Hackware System Shield Weapon Beam Cannon Energy Gun Lightning Gun Energy Cannon Beam Cannon Ballistic Gun Improved Assault Rifle Ballistic Cannon Improved Light Cannon Launcher Improved Grenade Launcher Build | -11 -10 -10 -9 -9 -8 -7 -7 -7 -6 -6 -5 -4 -4 -3 -3 -2 -2 -1 ------- Run | Scr Mat Min Mat Sto Mat Fac Low Low Fac DSF Fac Fac Ext Res Tes Res DSF Acc Slots Evolved 18 | . . . 2 . 2 2 . . 2 . 2 2 . 2 . 2 . 2 Power 2 | . . . . . . 1 . . . . 1 . . . . . . . Propulsion 6 | . . . 1 . 1 . . . . . 1 1 . . . . . 2 Utility 8 | . . . 1 . 1 1 . . 2 . . 1 . . . 2 . . Weapon 2 | . . . . . . . . . . . . . . 2 . . . . Parts Attached 238 | 7 18 . 16 41 17 25 8 7 1 7 18 11 19 23 4 1 10 5 Power 48 | 1 3 . 1 5 4 7 4 . . 3 4 2 6 5 1 . 1 1 Engine 19 | 1 3 . 1 1 2 4 3 . . . 1 2 1 . . . . . Core 26 | . . . . 4 2 3 1 . . 3 3 . 5 5 . . . . Reactor 3 | . . . . . . . . . . . . . . . 1 . 1 1 Propulsion 60 | 2 4 . 5 13 3 6 . 1 . . 5 4 6 5 1 . 1 4 Treads 2 | . . . . 1 . . . . . . . . 1 . . . . . Leg 14 | 2 4 . 5 3 . . . . . . . . . . . . . . Wheel . | . . . . . . . . . . . . . . . . . . . Hover . | . . . . . . . . . . . . . . . . . . . Flight 44 | . . . . 9 3 6 . 1 . . 5 4 5 5 1 . 1 4 Utility 55 | 1 5 . 1 4 4 5 2 2 . 3 5 4 3 7 2 1 6 . Device 31 | . 2 . 1 2 3 4 2 1 . . 1 3 2 6 2 . 2 . Storage 6 | 1 2 . . . 1 . . 1 . . 1 . . . . . . . Processor 9 | . 1 . . 2 . 1 . . . . 2 . 1 1 . 1 . . Hackware 9 | . . . . . . . . . . 3 1 1 . . . . 4 . Protection . | . . . . . . . . . . . . . . . . . . . Artifact . | . . . . . . . . . . . . . . . . . . . Weapon 75 | 3 6 . 9 19 6 7 2 4 1 1 4 1 4 6 . . 2 . Energy Gun 38 | 1 2 . 2 8 5 2 . 1 1 1 4 1 2 6 . . 2 . Energy Cannon 11 | . 1 . 1 . . 5 1 2 . . . . 1 . . . . . Ballistic Gun 9 | 2 3 . 3 . . . . . . . . . 1 . . . . . Ballistic Cannon 8 | . . . 3 5 . . . . . . . . . . . . . . Launcher 9 | . . . . 6 1 . 1 1 . . . . . . . . . . Special Weapon . | . . . . . . . . . . . . . . . . . . . Impact Weapon . | . . . . . . . . . . . . . . . . . . . Slashing Weapon . | . . . . . . . . . . . . . . . . . . . Piercing Weapon . | . . . . . . . . . . . . . . . . . . . Special Melee Weapon . | . . . . . . . . . . . . . . . . . . . Unidentified Prototypes 11 | . . . 2 1 2 1 . . . . 1 . . 3 1 . . . Corrupted Parts 6 | . . . 1 1 . 1 . . . . . . 2 1 . . . . System Corruption 28 | . . . 8 1 . 1 . . . . . . 8 10 . . . . Parts Lost 88 | . 3 . 5 3 3 5 7 3 . 4 3 2 20 2 3 . 13 12 Power 19 | . 1 . . 1 1 2 3 . . 2 1 . 4 1 . . 2 1 Propulsion 26 | . 1 . 4 1 . . . 1 . . 1 . 10 . . . 2 6 Utility 28 | . . . . . . 2 3 1 . 1 1 1 5 1 2 . 6 5 Weapon 15 | . 1 . 1 1 2 1 1 1 . 1 . 1 1 . 1 . 3 . Highest Loss Streak 13 | . 3 . 2 1 3 4 7 1 . 4 2 1 9 1 2 . 13 12 To Critical Strikes . | . . . . . . . . . . . . . . . . . . . Average Slot Usage (%) 83 | . 97 100 97 76 86 88 86 77 . 71 92 80 50 45 61 47 42 23 Engine 7 | . 13 14 11 7 1 6 6 7 . . . 3 1 . . . . . Core 4 | . . . . 2 7 6 6 7 . 11 16 8 5 6 2 . . . Leg 12 | . 27 28 31 9 . . . . . . . . . . . . . . Flight 13 | . . . . 11 30 30 30 30 . 26 29 27 13 8 14 13 8 10 Device 8 | . 11 . 11 4 18 18 18 11 . 6 4 4 3 10 17 8 5 1 Storage 9 | . 13 14 11 11 8 7 7 11 . 13 8 5 2 . . . . . Processor 8 | . 1 14 11 14 9 7 3 . . . 8 10 6 . . 4 4 3 Hackware 3 | . . . . . . . . . . 12 11 14 10 9 9 8 14 7 Energy Gun 4 | . 7 . 6 . 11 1 3 1 . . 9 4 1 7 13 8 6 . Energy Cannon 4 | . 6 14 3 . . 7 3 6 . . . . . . . . . . Ballistic Gun 4 | . 14 14 3 . . . . . . . . . 2 . . . . . Ballistic Cannon 2 | . . . 7 11 . . . . . . . . . . . . . . Naked Turns 6 | . . . . . . . . . . . . . . . . . . 6 Heaviest Build 45 | 11 21 21 31 27 21 26 26 29 26 26 36 32 33 44 45 30 42 20 Greatest Support 64 | 20 20 20 30 26 24 34 29 29 29 29 37 34 38 48 48 48 48 64 Greatest Overweight (x) 8 | 1 1 1 1 8 . 1 3 . . . 1 1 2 . . . . . Average Overweight (x) . | . . 1 . . . . . . . . . . . . . . . . Largest Inventory Capacity 10 | 8 10 10 10 10 10 8 8 8 8 8 8 8 8 5 5 5 5 5 Average Capacity 8 | 6 9 10 10 10 8 8 8 8 8 8 7 8 6 5 5 5 5 5 Most Carried 10 | 3 10 10 10 10 8 8 8 8 5 8 8 8 8 5 5 5 5 5 Average Carried 7 | 1 7 10 8 9 4 7 7 6 5 7 5 6 5 4 4 5 4 3 Final Capacity 10 | 8 10 10 10 10 8 8 8 8 8 8 8 8 5 5 5 5 5 5 Final Carried 10 | 2 10 10 8 9 6 7 8 6 5 8 6 6 4 5 5 5 3 1 Class Distribution -------------------- 38% | Mutant 15% | Sprinter 11% | Scavenger-Mutant 10% | Hacker-Sprinter 7% | Hacker-Mutant 6% | Generator-Sprinter 5% | Infiltrator-Sprinter 3% | Hacker-Tank Dominant Class ---------------- Mutant | -10/Materials Mutant | -10/Mines Scavenger-Mutant | -9/Materials Mutant | -9/Storage Sprinter | -8/Materials Infiltrator-Sprinter | -7/Factory Sprinter | -7/Lower Caves Sprinter | -7/Lower Caves Sprinter | -6/Factory Hacker-Sprinter | -6/DSF Generator-Sprinter | -5/Factory Hacker-Sprinter | -4/Factory Hacker-Mutant | -4/Extension Hacker-Mutant | -3/Research Hacker-Tank | -3/Testing Hacker-Tank | -2/Research Hacker-Mutant | -2/DSF Mutant | -1/Access Resources | -11 -10 -10 -9 -9 -8 -7 -7 -7 -6 -6 -5 -4 -4 -3 -3 -2 -2 -1 ----------- Run | Scr Mat Min Mat Sto Mat Fac Low Low Fac DSF Fac Fac Ext Res Tes Res DSF Acc Matter Collected 3195 | 270 203 76 331 774 225 157 181 157 . 6 . 137 269 371 24 . 14 . Remotely . | . . . . . . . . . . . . . . . . . . . Salvage Created 4013 | . 397 116 960 845 219 494 59 163 . . 32 137 338 172 . . 81 . Parts 258 | . 19 10 72 57 21 25 5 8 . . 3 7 20 7 . . 4 . Haulers Intercepted 16 | . 1 . 4 6 2 2 . . . . . . 1 . . . . . Recyclers Shooed 2 | . . . . 1 . . . . . . . . . 1 . . . . Parts Field Recycled . | . . . . . . . . . . . . . . . . . . . Retrieved Matter . | . . . . . . . . . . . . . . . . . . . Parts Self-Destructed 7 | . . . . . . . . 7 . . . . . . . . . . Prevented 1 | . . . . . . . . 1 . . . . . . . . . . Kills | -11 -10 -10 -9 -9 -8 -7 -7 -7 -6 -6 -5 -4 -4 -3 -3 -2 -2 -1 ------- Run | Scr Mat Min Mat Sto Mat Fac Low Low Fac DSF Fac Fac Ext Res Tes Res DSF Acc Combat Hostiles Destroyed 85 | . 9 5 20 18 6 4 4 4 . . . 2 9 2 . . 2 . Guns 43 | . 8 5 12 . 3 . . 1 . . . 1 9 2 . . 2 . Cannons 22 | . 1 . 4 13 . 3 . 1 . . . . . . . . . . AOE 18 | . . . 4 5 3 . 4 2 . . . . . . . . . . Classes Destroyed 14 | . 3 2 2 2 2 2 . . . . 1 . . . . . . . Worker 3 | . . . 1 . 1 1 . . . . . . . . . . . . Builder 1 | . . . . . 1 . . . . . . . . . . . . . Hauler 16 | . 1 . 4 6 2 2 . . . . . . 1 . . . . . Recycler 2 | . . . . 1 . 1 . . . . . . . . . . . . Operator 7 | . . . . 2 1 2 . . . . . 1 1 . . . . . Watcher 1 | . . . . . . . . . . . 1 . . . . . . . Swarmer 32 | . 2 3 6 4 3 . 4 . . . . 1 9 . . . . . Cutter 5 | . . . . . 3 . . . . . . . . . . . 2 . Grunt 26 | . 7 . 8 7 . . . 3 . . . . . 1 . . . . Brawler 1 | . . . 1 . . . . . . . . . . . . . . . Sentry 15 | . . 1 5 7 . . . . . . . 1 . 1 . . . . Hunter 3 | . . . . . . 3 . . . . . . . . . . . . Programmer 2 | . . . . . . 1 . 1 . . . . . . . . . . Assembled 1 | . . 1 . . . . . . . . . . . . . . . . Best Kill Streak 7 | . 3 3 6 5 5 4 4 3 . . 1 2 7 1 . . 2 . Combat Bots Only 7 | . 3 3 6 5 3 1 4 3 . . . 2 7 1 . . 2 . Max Kills in Single Turn 3 | . 1 1 2 2 3 1 3 2 . . 1 1 2 1 . . 1 . Gunslinging . | . . . . . . . . . . . . . . . . . . . Exploded 3 | . . . 2 2 2 . 3 2 . . . . . . . . . . Melee . | . . . . . . . . . . . . . . . . . . . Uniques/NPCs Destroyed . | . . . . . . . . . . . . . . . . . . . Combat | -11 -10 -10 -9 -9 -8 -7 -7 -7 -6 -6 -5 -4 -4 -3 -3 -2 -2 -1 -------- Run | Scr Mat Min Mat Sto Mat Fac Low Low Fac DSF Fac Fac Ext Res Tes Res DSF Acc Damage Taken 11969 | . 821 146 882 836 272 695 583 329 . 231 191 428 1599 439 334 . 1641 2542 Core 4265 | . 137 9 136 172 59 222 196 48 . 30 9 102 778 59 18 . 680 1610 Absorbed by Shields 424 | . . . . . . . . 54 . 21 . . 196 68 85 . . . Regen/Repaired (Parts) 398 | . 64 . 60 49 30 . . . . . 195 . . . . . . . Core Remaining (%) 65 | 100 . 41 . 23 89 . . 33 . 96 99 . 23 . 94 . 53 . Volleys Fired 346 | . 40 13 73 69 17 32 6 24 . . 3 18 32 15 . . 4 . Largest 4 | . 2 2 2 2 2 2 2 1 . . 2 1 1 3 . . 4 . Hottest 312 | . 80 83 102 78 101 138 124 69 . . 116 65 33 216 . . 312 . Shots Fired 490 | . 80 20 102 103 20 40 8 24 . . 5 18 32 27 . . 11 . Gun 293 | . 74 13 58 16 17 13 2 7 . . 5 18 32 27 . . 11 . Cannon 172 | . 6 7 44 70 . 27 4 14 . . . . . . . . . . Launcher 25 | . . . . 17 3 . 2 3 . . . . . . . . . . Special . | . . . . . . . . . . . . . . . . . . . Kinetic 206 | . 40 13 51 70 . . . . . . . . 32 . . . . . Thermal 145 | . 40 7 26 . 14 11 . 7 . . 2 . . 27 . . 11 . Explosive 25 | . . . . 17 3 . 2 3 . . . . . . . . . . Electromagnetic 114 | . . . 25 16 3 29 6 14 . . 3 18 . . . . . . Robot Hit Streak 24 | . 24 5 16 11 11 16 3 4 . . 1 4 4 7 . . 3 . Robot Miss Streak 8 | . 4 2 8 4 3 1 3 6 . . 2 1 3 5 . . 5 . Penetration Max 1 | . . . . . . . . . . . . . 1 . . . . . Secondary Targets 1 | . . . . . . . . . . . . . . . . . 1 . Max Gunslinging Chain 1 | . . . . . . . . . . . . . . . . . 1 . Shots Hit Robots 309 | . 58 13 65 59 13 32 4 12 . . 2 12 19 15 . . 5 . Core Hits 176 | . 22 7 39 41 12 11 4 10 . . 1 5 13 5 . . 6 . Critical Kills 4 | . . . 3 . . . . . . . . . . 1 . . . . Critical Parts Destroyed 3 | . . . 2 . . . . . . . . . 1 . . . . . Critical Strikes 11 | . . . 5 1 1 1 . 1 . . . . 1 1 . . . . Burn 3 | . . . . . 1 1 . 1 . . . . . . . . . . Destroy 7 | . . . 5 . . . . . . . . . 1 1 . . . . Blast 1 | . . . . 1 . . . . . . . . . . . . . . Melee Attacks . | . . . . . . . . . . . . . . . . . . . Impact . | . . . . . . . . . . . . . . . . . . . Slashing . | . . . . . . . . . . . . . . . . . . . Piercing . | . . . . . . . . . . . . . . . . . . . Sneak Attacks . | . . . . . . . . . . . . . . . . . . . Combat Hostiles . | . . . . . . . . . . . . . . . . . . . Follow-up Attacks . | . . . . . . . . . . . . . . . . . . . Damage Inflicted 7432 | . 658 193 1341 1593 594 647 298 387 . . 106 292 571 453 . . 299 . Guns 3864 | . 569 141 705 273 213 239 . 63 . . 57 292 561 452 . . 299 . Cannons 2102 | . 87 52 435 879 . 408 72 169 . . . . . . . . . . Explosions 1453 | . . . 201 441 381 . 226 155 . . 49 . . . . . . . Melee . | . . . . . . . . . . . . . . . . . . . Ramming 13 | . 2 . . . . . . . . . . . 10 1 . . . . Kinetic 2468 | . 309 141 578 879 . . . . . . . . 561 . . . . . Thermal 2277 | . 347 52 462 105 224 224 . 63 . . 49 . . 452 . . 299 . Explosive 1034 | . . . . 336 317 . 226 155 . . . . . . . . . . Electromagnetic 1640 | . . . 301 273 53 423 72 169 . . 57 292 . . . . . . Impact . | . . . . . . . . . . . . . . . . . . . Slashing . | . . . . . . . . . . . . . . . . . . . Piercing . | . . . . . . . . . . . . . . . . . . . Highest Corruption 12 | . . . 8 10 . 5 5 8 . 2 . . 9 10 10 . 12 . Average Corruption 7 | . . . 8 9 . 3 5 6 . 1 . . 4 10 10 . 2 . Corruption Purged . | . . . . . . . . . . . . . . . . . . . Corruption Blocked . | . . . . . . . . . . . . . . . . . . . Effects 112 | . . . 24 38 . 13 13 7 . . . . 4 8 5 . . . Message Errors 28 | . . . 6 9 . 2 4 1 . . . . 1 5 . . . . Matter Fused 22 | . . . 4 7 . 3 3 1 . . . . 1 3 . . . . Heat Flow Errors 16 | . . . 5 4 . 2 2 1 . . . . . . 2 . . . Energy Discharges 16 | . . . 2 6 . 3 3 . . . . . . . 2 . . . Parts Rejected 2 | . . . . 2 . . . . . . . . . . . . . . Data Loss (minor) 15 | . . . 3 3 . 2 1 3 . . . . 2 . 1 . . . Data Loss (major) 4 | . . . 1 2 . . . 1 . . . . . . . . . . Misfires 3 | . . . 2 1 . . . . . . . . . . . . . . Alerts 2 | . . . 1 1 . . . . . . . . . . . . . . Weapon Failures 4 | . . . . 3 . 1 . . . . . . . . . . . . Overload Shots . | . . . . . . . . . . . . . . . . . . . Overflow Damage 92 | . . 5 . . 85 . . . . . 2 . . . . . . . Projectiles 5 | . . 5 . . . . . . . . . . . . . . . . Explosions 87 | . . . . . 85 . . . . . 2 . . . . . . . Melee . | . . . . . . . . . . . . . . . . . . . Knockbacks 11 | . . . 1 8 . . . . . . . . 1 1 . . . . Impact 2 | . . . . . . . . . . . . . 1 1 . . . . Kinetic 8 | . . . 1 7 . . . . . . . . . . . . . . Secondary 1 | . . . . 1 . . . . . . . . . . . . . . Self-Inflicted Damage 314 | . . . 104 58 93 . 34 21 . . . . 4 . . . . . Shots 10 | . . . 3 3 2 . 1 1 . . . . . . . . . . Rammed 3 | . . . . . . . . . . . . . 2 1 . . . . Targets Rammed 4 | . 1 . . . . . . . . . . . 2 1 . . . . Kicked 1 | . 1 . . . . . . . . . . . . . . . . . Crushed . | . . . . . . . . . . . . . . . . . . . Highest Temperature 593 | . 204 84 277 270 130 593 271 331 . . 511 301 192 135 431 . 216 . Average Temperature 93 | . 68 43 65 50 48 140 129 111 . . 108 98 97 64 192 . 138 . Received Heat Transfer 1682 | . 462 18 309 303 . 45 . 81 . . 63 27 151 67 57 . . 99 Effects 21 | . . . . . . 6 1 2 . . 5 2 . . 4 . 1 . Shutdowns 8 | . . . . . . 2 . 1 . . 4 . . . 1 . . . Energy Bleed 2 | . . . . . . . 1 . . . . . . . . . 1 . Interference 8 | . . . . . . 3 . . . . . 2 . . 3 . . . Matter Decay 1 | . . . . . . . . 1 . . . . . . . . . . Damage (minor) 1 | . . . . . . . . . . . 1 . . . . . . . Damage (core) 1 | . . . . . . 1 . . . . . . . . . . . . Siege Activations . | . . . . . . . . . . . . . . . . . . . Robots Corrupted 2 | . . . . 1 . . . . . . . 1 . . . . . . Combat Hostiles 1 | . . . . . . . . . . . . 1 . . . . . . Parts Fried 7 | . . . 1 . 1 2 1 . . . . 1 . 1 . . . . Impact Corruptions . | . . . . . . . . . . . . . . . . . . . Robots Melted 1 | . . . . . . 1 . . . . . . . . . . . . Combat Hostiles 1 | . . . . . . 1 . . . . . . . . . . . . Parts Melted 8 | . . . 1 . 2 3 . 1 . . . . . 1 . . . . Heat Transferred 3885 | . 784 111 705 150 457 481 . 185 . . 50 . . 592 . . 370 . Parts Sabotaged . | . . . . . . . . . . . . . . . . . . . Parts Stolen . | . . . . . . . . . . . . . . . . . . . Parts Stripped . | . . . . . . . . . . . . . . . . . . . Power Chain Reactions 8 | . . . 4 2 1 . . . . . 1 . . . . . . . Missiles Intercepted . | . . . . . . . . . . . . . . . . . . . Alert | -11 -10 -10 -9 -9 -8 -7 -7 -7 -6 -6 -5 -4 -4 -3 -3 -2 -2 -1 ------- Run | Scr Mat Min Mat Sto Mat Fac Low Low Fac DSF Fac Fac Ext Res Tes Res DSF Acc Peak Influence 829 | . 169 70 486 829 515 431 . . 171 158 128 372 809 430 243 133 114 218 Initial 349 | . . . . 131 349 233 . . 171 123 82 51 182 340 198 133 99 23 Average 225 | . 64 14 249 390 363 340 . . 171 124 93 121 612 345 216 133 85 80 Maximum Alert Level 3 | . . . 2 3 2 2 . . . . . 1 3 2 1 . . 1 Low Security (%) 51 | 100 100 100 36 17 . . . . 100 100 100 88 4 1 18 100 100 96 Level 1 31 | . . . 51 48 61 70 . . . . . 11 4 76 81 . . 3 Level 2 14 | . . . 12 19 38 29 . . . . . . 68 21 . . . . Level 3 3 | . . . . 14 . . . . . . . . 23 . . . . . Level 4 . | . . . . . . . . . . . . . . . . . . . Level 5 . | . . . . . . . . . . . . . . . . . . . High Security . | . . . . . . . . . . . . . . . . . . . Max Security . | . . . . . . . . . . . . . . . . . . . Squads Dispatched 33 | . 2 . 2 3 1 5 . . . . 2 4 4 5 1 . 3 1 Investigation 15 | . 1 . 2 2 . 3 . . . . 1 2 2 1 1 . . . Extermination 2 | . . . . . . 1 . . . . . 1 . . . . . . Reinforcement 15 | . 1 . . 1 1 1 . . . . 1 1 2 3 . . 3 1 Assault . | . . . . . . . . . . . . . . . . . . . Garrison 1 | . . . . . . . . . . . . . . 1 . . . . Intercept . | . . . . . . . . . . . . . . . . . . . Searches Triggered 1 | . . . . . . . . . . . . . 1 . . . . . Construction Impeded 1 | . . . . . . . . . . . . . 1 . . . . . Haulers Reinforced 1 | . . . . . . . . . . . 1 . . . . . . . Active Scanning Responses . | . . . . . . . . . . . . . . . . . . . Cargo Convoy Interrupts . | . . . . . . . . . . . . . . . . . . . Stealth | -11 -10 -10 -9 -9 -8 -7 -7 -7 -6 -6 -5 -4 -4 -3 -3 -2 -2 -1 --------- Run | Scr Mat Min Mat Sto Mat Fac Low Low Fac DSF Fac Fac Ext Res Tes Res DSF Acc Distress Signals 13 | . 1 . 5 1 1 . . . . . . 1 3 1 . . . . Communications Jammed . | . . . . . . . . . . . . . . . . . . . Distress Signals . | . . . . . . . . . . . . . . . . . . . Times Spotted 340 | . 20 7 34 31 13 22 5 11 . 7 10 29 53 26 17 . 12 43 Peak Tracking Total 20 | . 6 3 7 9 8 8 4 8 . 2 5 13 13 13 11 . 7 20 Tactical Retreats 56 | . . . 2 6 2 4 1 3 . 5 2 5 12 4 3 . 2 5 Traps | -11 -10 -10 -9 -9 -8 -7 -7 -7 -6 -6 -5 -4 -4 -3 -3 -2 -2 -1 ------- Run | Scr Mat Min Mat Sto Mat Fac Low Low Fac DSF Fac Fac Ext Res Tes Res DSF Acc Traps Triggered 16 | . 1 . 1 4 . 3 . . . 2 1 2 1 . 1 . . . Indirectly . | . . . . . . . . . . . . . . . . . . . Trap Hack Attempts . | . . . . . . . . . . . . . . . . . . . Triggered . | . . . . . . . . . . . . . . . . . . . Disarmed 4 | . . . . . . . . . . . . . . . 4 . . . Reprogrammed . | . . . . . . . . . . . . . . . . . . . Reused . | . . . . . . . . . . . . . . . . . . . Traps Extracted . | . . . . . . . . . . . . . . . . . . . Installed . | . . . . . . . . . . . . . . . . . . . Triggered . | . . . . . . . . . . . . . . . . . . . Machines | -11 -10 -10 -9 -9 -8 -7 -7 -7 -6 -6 -5 -4 -4 -3 -3 -2 -2 -1 ---------- Run | Scr Mat Min Mat Sto Mat Fac Low Low Fac DSF Fac Fac Ext Res Tes Res DSF Acc Machines Disabled 10 | . . 2 1 4 2 . . . . . . . . 1 . . . . Max in Single Turn 2 | . . 1 1 1 2 . . . . . . . . 1 . . . . Garrison Access 1 | . . . . . . . . . . . 1 . . . . . . . Machines Sabotaged . | . . . . . . . . . . . . . . . . . . . Garrisons Compromised . | . . . . . . . . . . . . . . . . . . . Overloaded Fab Kills . | . . . . . . . . . . . . . . . . . . . Hacking | -11 -10 -10 -9 -9 -8 -7 -7 -7 -6 -6 -5 -4 -4 -3 -3 -2 -2 -1 --------- Run | Scr Mat Min Mat Sto Mat Fac Low Low Fac DSF Fac Fac Ext Res Tes Res DSF Acc Machines Accessed 72 | . 4 . 4 12 5 13 . . 1 . 5 8 11 3 5 1 . . Terminals 43 | . 3 . 1 8 3 6 . . 1 . 2 4 9 2 3 1 . . Fabricators 6 | . . . . . . 2 . . . . 1 1 . 1 1 . . . Repair Stations 10 | . 1 . 1 2 1 2 . . . . 1 1 1 . . . . . Recycling Units 7 | . . . 1 1 . 2 . . . . . 2 1 . . . . . Scanalyzers 4 | . . . 1 . 1 1 . . . . . . . . 1 . . . Garrison Access 2 | . . . . 1 . . . . . . 1 . . . . . . . Total Hacks 178 | . 9 . 13 24 18 23 . . 1 . 15 26 26 11 9 3 . . Successful 101 | . 5 . 10 14 11 11 . . 1 . 11 12 13 6 6 1 . . Failed 77 | . 4 . 3 10 7 12 . . . . 4 14 13 5 3 2 . . Catastrophic 10 | . 1 . . 3 . 1 . . . . . 3 1 . 1 . . . Database Lockouts . | . . . . . . . . . . . . . . . . . . . Manual 1 | . . . . 1 . . . . . . . . . . . . . . Terminals 109 | . 7 . 3 17 12 9 . . 1 . 5 18 21 8 5 3 . . Fabricators 18 | . . . . . . 5 . . . . 4 4 . 3 2 . . . Repair Stations 27 | . 2 . 4 5 3 4 . . . . 4 2 3 . . . . . Recycling Units 9 | . . . 2 1 . 2 . . . . . 2 2 . . . . . Scanalyzers 12 | . . . 4 . 3 3 . . . . . . . . 2 . . . Garrison Access 3 | . . . . 1 . . . . . . 2 . . . . . . . Terminal Hacks 52 | . 3 . 2 8 7 3 . . 1 . 2 8 11 4 2 1 . . Record 12 | . . . . 2 2 1 . . . . . 3 1 3 . . . . Prototype ID Bank 3 | . 1 . 1 . . . . . . . . . 1 . . . . . Open Door 9 | . . . . 3 . . . . . . . . 6 . . . . . Open DSF 3 | . . . . . . 1 . . 1 . . . . . . 1 . . Level Access Points 1 | . . . . . . . . . . . . 1 . . . . . . Branch Access Points 2 | . 1 . . 1 . . . . . . . . . . . . . . Repair Station Index 1 | . . . . . . . . . . . . 1 . . . . . . Alert Level 5 | . . . . . 2 . . . . . 1 . 1 . 1 . . . Unreport Threat 2 | . . . . . 1 . . . . . . . . 1 . . . . Locate Traps 2 | . . . . . . . . . . . . 1 1 . . . . . Disarm Traps 1 | . . . . . . . . . . . . . . . 1 . . . Assault Status 1 | . . . . . . . . . . . . . 1 . . . . . Hauler Manifests 3 | . 1 . . 1 . 1 . . . . . . . . . . . . Registered Prototypes 1 | . . . . 1 . . . . . . . . . . . . . . Zone Layout 6 | . . . 1 . 2 . . . . . 1 2 . . . . . . Fabricator Hacks 14 | . . . . . . 4 . . . . 4 2 . 2 2 . . . Load Schematic 7 | . . . . . . 2 . . . . 2 1 . 1 1 . . . Build 7 | . . . . . . 2 . . . . 2 1 . 1 1 . . . Repair Station Hacks 18 | . 2 . 4 4 2 1 . . . . 4 . 1 . . . . . Scan Component 10 | . 1 . 2 2 1 1 . . . . 2 . 1 . . . . . Repair 6 | . 1 . 1 1 1 . . . . . 2 . . . . . . . Refit 2 | . . . 1 1 . . . . . . . . . . . . . . Recycling Unit Hacks 7 | . . . 2 1 . 1 . . . . . 2 1 . . . . . Process 1 | . . . 1 . . . . . . . . . . . . . . . Report Inventory 2 | . . . 1 . . 1 . . . . . . . . . . . . Retrieve Matter 4 | . . . . 1 . . . . . . . 2 1 . . . . . Scanalyzer 8 | . . . 2 . 2 2 . . . . . . . . 2 . . . Insert Component 4 | . . . 1 . 1 1 . . . . . . . . 1 . . . Analyze 4 | . . . 1 . 1 1 . . . . . . . . 1 . . . Garrison Access Hacks 2 | . . . . 1 . . . . . . 1 . . . . . . . Unlock Access 1 | . . . . 1 . . . . . . . . . . . . . . Seal Access 1 | . . . . . . . . . . . 1 . . . . . . . Unauthorized Hacks . | . . . . . . . . . . . . . . . . . . . Terminals . | . . . . . . . . . . . . . . . . . . . Fabricators . | . . . . . . . . . . . . . . . . . . . Repair Stations . | . . . . . . . . . . . . . . . . . . . Recycling Units . | . . . . . . . . . . . . . . . . . . . Scanalyzers . | . . . . . . . . . . . . . . . . . . . Garrison Access . | . . . . . . . . . . . . . . . . . . . Data Cores Recovered 5 | . . . . 1 . 2 . . . . . 1 1 . . . . . Used 1 | . . . . . . . . . . . . . 1 . . . . . Hacking Detections 51 | . 3 . 2 7 5 12 . . . . 3 6 6 3 4 . . . Full Trace Events 14 | . . . 1 3 . 3 . . . . 1 2 2 1 1 . . . Feedback Events 2 | . . . . 1 . . . . . . . . 1 . . . . . Corruption 2 | . . . . 1 . . . . . . . . 1 . . . . . Feedback Blocked . | . . . . . . . . . . . . . . . . . . . Robot Schematics Acquired . | . . . . . . . . . . . . . . . . . . . Robots Built . | . . . . . . . . . . . . . . . . . . . Authchips . | . . . . . . . . . . . . . . . . . . . Time . | . . . . . . . . . . . . . . . . . . . Total Robot Build Rating . | . . . . . . . . . . . . . . . . . . . Part Schematics Acquired 4 | . . . 1 . 1 1 . . . . . . . . 1 . . . Parts Built 7 | . . . . . . 2 . . . . 2 1 . 1 1 . . . Authchips 1 | . . . . . . . . . . . 1 . . . . . . . Time 865 | . . . . . . 268 . . . . 268 134 . 67 128 . . . Total Part Build Rating 32 | . . . . . . 8 . . . . 8 4 . 4 8 . . . Parts Repaired 6 | . 1 . 1 1 1 . . . . . 2 . . . . . . . Time 278 | . 26 . 51 70 35 . . . . . 96 . . . . . . . Parts Recycled . | . . . . . . . . . . . . . . . . . . . Recycled Matter . | . . . . . . . . . . . . . . . . . . . Retrieved Matter 153 | . . . . 153 . . . . . . . . . . . . . . Retrieved Components . | . . . . . . . . . . . . . . . . . . . Parts Scanalyzed 4 | . . . 1 . 1 1 . . . . . . . . 1 . . . Part Schematics Acquired 4 | . . . 1 . 1 1 . . . . . . . . 1 . . . Parts Damaged . | . . . . . . . . . . . . . . . . . . . Bothacking | -11 -10 -10 -9 -9 -8 -7 -7 -7 -6 -6 -5 -4 -4 -3 -3 -2 -2 -1 ------------ Run | Scr Mat Min Mat Sto Mat Fac Low Low Fac DSF Fac Fac Ext Res Tes Res DSF Acc Used RIF Installer . | . . . . . . . . . . . . . . . . . . . Robots Hacked . | . . . . . . . . . . . . . . . . . . . Non-combat . | . . . . . . . . . . . . . . . . . . . Combat . | . . . . . . . . . . . . . . . . . . . Robot Hacks Applied . | . . . . . . . . . . . . . . . . . . . Relay Couplers Released . | . . . . . . . . . . . . . . . . . . . Fabnet Peak Effective % . | . . . . . . . . . . . . . . . . . . . Robots Rewired . | . . . . . . . . . . . . . . . . . . . Allies Hacked . | . . . . . . . . . . . . . . . . . . . Hacks Repelled . | . . . . . . . . . . . . . . . . . . . Allies | -11 -10 -10 -9 -9 -8 -7 -7 -7 -6 -6 -5 -4 -4 -3 -3 -2 -2 -1 -------- Run | Scr Mat Min Mat Sto Mat Fac Low Low Fac DSF Fac Fac Ext Res Tes Res DSF Acc Total Allies 9 | . . 2 . . . . . . . . . . 7 . . . . . Largest Group 5 | . . 2 2 . . . . . . . . . 5 3 . . . . Highest-Rated Group 340 | . . 45 45 . . . . . . . . . 340 130 . . . . Highest-Rated Ally 159 | . . 31 31 . . . . . . . . . 159 46 . . . . Total Orders 2 | . . . . . 2 . . . . . . . . . . . . . EXPLORE 2 | . . . . . 2 . . . . . . . . . . . . . Ally Attacks 73 | . . 9 11 . . . . . . . . . 37 16 . . . . Total Damage 1702 | . . 127 192 . . . . . . . . . 960 423 . . . . Kills 16 | . . 4 4 . . . . . . . . . 6 2 . . . . Allies Corrupted . | . . . . . . . . . . . . . . . . . . . Allies Melted . | . . . . . . . . . . . . . . . . . . . Intel | -11 -10 -10 -9 -9 -8 -7 -7 -7 -6 -6 -5 -4 -4 -3 -3 -2 -2 -1 ------- Run | Scr Mat Min Mat Sto Mat Fac Low Low Fac DSF Fac Fac Ext Res Tes Res DSF Acc Robot Analysis Total . | . . . . . . . . . . . . . . . . . . . Derelict Logs Recovered 3 | . . 1 . . . . 1 1 . . . . . . . . . . Drone Launches 2 | . . . . . 2 . . . . . . . . . . . . . Drone Recoveries . | . . . . . . . . . . . . . . . . . . . Exploration | -11 -10 -10 -9 -9 -8 -7 -7 -7 -6 -6 -5 -4 -4 -3 -3 -2 -2 -1 ------------- Run | Scr Mat Min Mat Sto Mat Fac Low Low Fac DSF Fac Fac Ext Res Tes Res DSF Acc Turns Passed 9204 | 62 987 1223 1240 1142 360 949 380 166 4 169 627 474 471 473 214 11 78 174 Spaces Moved 10345 | 53 597 598 582 1195 536 1290 1156 302 12 201 747 927 700 654 323 24 119 329 Core 319 | 22 . . . 2 . 34 4 . . . . . 192 . . . . 65 Treads 139 | . . . . 46 . . . . . . . . 46 47 . . . . Legs 2054 | 31 597 598 582 246 . . . . . . . . . . . . . . Wheels . | . . . . . . . . . . . . . . . . . . . Hover . | . . . . . . . . . . . . . . . . . . . Flight 7833 | . . . . 901 536 1256 1152 302 12 201 747 927 462 607 323 24 119 264 Fastest Speed 14 | 50 120 190 120 29 26 14 26 26 26 26 16 17 16 34 39 39 39 36 Average Speed 57 | 92 124 190 166 65 27 28 26 26 26 26 25 22 43 46 39 39 41 42 Slowest Speed 450 | 120 190 190 190 450 32 100 200 26 26 26 103 94 205 160 39 39 45 50 Overloaded Moves 392 | . . . . . . 12 . . . . 262 79 39 . . . . . Propulsion Burnouts 1 | . . . . . . . . . . . . . 1 . . . . . Robots Hopped 53 | . . . . 4 3 17 1 . . 1 11 5 3 2 . . 1 5 Cave-ins Triggered . | . . . . . . . . . . . . . . . . . . . Exploration Rate (%) 46 | 3 89 97 40 88 46 32 96 37 1 90 16 18 80 21 31 2 95 9 Regions Visited 18 Branch Regions 6 Pre-discovered Areas . | . . . . . . . . . . . . . . . . . . . Known Exits Taken 5 | . 1 . 1 . . . . . 1 . . . 1 . . 1 . . Unknown Exits Taken 11 | 1 . 1 . 1 1 1 1 1 . . 1 1 . 1 1 . . . Scrap Searched 6 | . . 1 . . . . 4 1 . . . . . . . . . . Spaces Dug 16 | . . . . 16 . . . . . . . . . . . . . . Terrain Destroyed 126 | . . . 22 44 20 . 16 17 . . 2 . 5 . . . . . Melee . | . . . . . . . . . . . . . . . . . . . Projectile 18 | . . . 11 2 . . . . . . . . 5 . . . . . AOE 108 | . . . 11 42 20 . 16 17 . . 2 . . . . . . . Terrain Rammed . | . . . . . . . . . . . . . . . . . . . Walls Destroyed . | . . . . . . . . . . . . . . . . . . . Machines Disabled . | . . . . . . . . . . . . . . . . . . . Actions | -11 -10 -10 -9 -9 -8 -7 -7 -7 -6 -6 -5 -4 -4 -3 -3 -2 -2 -1 --------- Run | Scr Mat Min Mat Sto Mat Fac Low Low Fac DSF Fac Fac Ext Res Tes Res DSF Acc Total 13068 | 63 764 666 758 1461 729 1820 1223 365 12 313 1167 1170 830 801 413 24 134 355 Wait 1770 | . 71 54 72 89 139 411 42 29 . 90 372 186 46 82 61 . 1 25 Move 10227 | 52 596 597 581 1186 529 1258 1153 301 11 198 725 916 693 649 322 23 116 321 Hop 47 | . . . . 4 3 14 1 . . 1 10 5 3 2 . . 1 3 Pick Up 109 | 4 20 1 4 20 9 12 6 . . 2 5 6 6 8 4 . 1 1 Fast Attach 131 | 4 14 . 5 20 6 17 4 2 . 6 9 7 8 14 3 1 8 3 Attach 105 | 2 2 . 11 21 11 8 4 5 1 1 9 4 11 10 1 . 2 2 Detach 86 | . 4 . 7 21 8 12 2 3 . 2 8 2 8 9 . . . . Swap 3 | 1 2 . . . . . . . . . . . . . . . . . Drop 123 | . 14 1 5 31 7 20 5 1 . . 8 8 3 11 9 . . . Fire 346 | . 40 13 73 69 17 32 6 24 . . 3 18 32 15 . . 4 . Melee . | . . . . . . . . . . . . . . . . . . . Ram 3 | . . . . . . . . . . . . . 2 1 . . . . Kick 1 | . 1 . . . . . . . . . . . . . . . . . Crush . | . . . . . . . . . . . . . . . . . . . Escape Stasis 116 | . . . . . . 36 . . . 13 18 18 18 . 13 . . . Rewire 1 | . . . . . . . . . . . . . . . . . 1 . Trap . | . . . . . . . . . . . . . . . . . . . Miscellaneous . | . . . . . . . . . . . . . . . . . . . Route ------- -11/Scrapyard -10/Materials (discovered 4 exits: *Mat x2 / *Min x2) -10/Mines (discovered 2 exits: *Mat x2) -9/Materials (discovered 2 exits: [*Min] / *Sto) -9/Storage (discovered 3 exits: *Mat / Rec / Gar) -8/Materials -7/Factory -7/Lower Caves -7/Lower Caves -6/Factory (discovered 2 exits: Fac / DSF) -6/DSF -5/Factory -4/Factory (discovered 5 exits: Res x4 / *Ext) -4/Extension (discovered 2 exits: *Res / [*Cet]) -3/Research -3/Testing -2/Research -2/DSF -1/Access History --------- Turn | Location | Event 8 | -11/Scrapyard | Discovered new exit (range 15) 63 | -11/Scrapyard | Entered Materials 168 | -10/Materials | Lost 3 parts (1p1n1w) 325 | -10/Materials | Identified exit to Mines 463 | -10/Materials | Discovered new exit (range 6) 578 | -10/Materials | Discovered new exit (range 16) 647 | -10/Materials | Core integrity fell below 50% 720 | -10/Materials | Build established: Mutant 812 | -10/Materials | Repaired Med. Storage Unit 1050 | -10/Materials | Entered Mines 1649 | -10/Mines | Assembled infested the area 1654 | -10/Mines | Assisted by a Guerilla fighting off Assembled 1842 | -10/Mines | Joined a pair of Derelicts in attacking an 0b10 outpost 2020 | -10/Mines | Discovered new exit (range 14) 2260 | -10/Mines | Discovered new exit (range 5) 2273 | -10/Mines | Entered Materials 2273 | -9/Materials | Accompanied by 2 allies 2273 | -9/Materials | Evolved 2 slots: Propulsion x1, Utility x1 2274 | -9/Materials | Identified exit to Storage 2278 | -9/Materials | Led the pair of lost Derelicts to an unsafe place 2508 | -9/Materials | Repaired Imp. Assault Rifle 2957 | -9/Materials | Build established: Scavenger-Mutant 3003 | -9/Materials | Discovered new exit (range 12) 3513 | -9/Materials | Entered Storage 3768 | -9/Storage | Build established: Mutant 4036 | -9/Storage | Repaired Cld. VTOL Module 4230 | -9/Storage | Core integrity fell below 50% 4286 | -9/Storage | Discovered new exit (range 4) 4291 | -9/Storage | Identified exit to Recycling 4525 | -9/Storage | Identified exit to Garrison 4602 | -9/Storage | Build established: Sprinter 4624 | -9/Storage | System corruption reached 10% 4655 | -9/Storage | Entered Materials 4655 | -8/Materials | Evolved 2 slots: Propulsion x1, Utility x1 4743 | -8/Materials | Repaired Cld. VTOL Module 4855 | -8/Materials | Lost 3 parts (1p2w) 5002 | -8/Materials | Discovered new exit (range 12) 5015 | -8/Materials | Entered Factory 5015 | -7/Factory | Evolved 2 slots: Power x1, Utility x1 5021 | -7/Factory | Identified exit to DSF 5178 | -7/Factory | Fabricated Cld. VTOL Module? 5321 | -7/Factory | Build established: Infiltrator-Sprinter 5352 | -7/Factory | Fabricated Cld. VTOL Module? 5617 | -7/Factory | Lost 4 parts (2p2u) 5958 | -7/Factory | Discovered new exit (range 10) 5964 | -7/Factory | Entered Lower Caves 5972 | -7/Lower Caves | Encountered a Warlord checkpoint 5978 | -7/Lower Caves | Learned location of 1 exit from Factory 5995 | -7/Lower Caves | Build established: Sprinter 6061 | -7/Lower Caves | Discovered new exit (range 9) 6166 | -7/Lower Caves | Core integrity fell below 50% 6202 | -7/Lower Caves | Lost 7 parts (3p3u1w) 6344 | -7/Lower Caves | Entered another Lower Caves area 6430 | -7/Lower Caves | Learned Factory emergency access door positions 6507 | -7/Lower Caves | Discovered new exit (range 12) 6508 | -7/Lower Caves | Attacked by a faux Warlord 6510 | -7/Lower Caves | Entered Factory 6510 | -6/Factory | Evolved 2 slots: Utility x2 6511 | -6/Factory | Identified exit to Factory 6514 | -6/Factory | Identified exit to DSF 6514 | -6/Factory | Entered DSF 6541 | -6/DSF | Additional patrols routed to DSF 6552 | -6/DSF | Lost 4 parts (1p1u2w) 6664 | -6/DSF | Discovered exit to Factory (range 16) 6683 | -6/DSF | Entered Factory 6683 | -5/Factory | Evolved 2 slots: Power x1, Propulsion x1 6825 | -5/Factory | Fabricated Cld. VTOL Module (x1) 6955 | -5/Factory | Repaired Sml. Storage Unit 6960 | -5/Factory | Fabricated Cld. VTOL Module? 6979 | -5/Factory | Build established: Generator-Sprinter 7027 | -5/Factory | Repaired Cld. VTOL Module? 7233 | -5/Factory | Discovered new exit (range 11) 7310 | -5/Factory | Entered another Factory area 7310 | -4/Factory | Evolved 2 slots: Propulsion x1, Utility x1 7459 | -4/Factory | Fabricated Cld. VTOL Module? 7520 | -4/Factory | Spotted B-86 Titan 7533 | -4/Factory | Discovered new exit (range 18) 7569 | -4/Factory | Build established: Hacker-Sprinter 7579 | -4/Factory | Identified exit to Research 7784 | -4/Factory | Entered Extension 7854 | -4/Extension | Destroyed 7 combat bots 7861 | -4/Extension | Spotted B-86 Titan 7868 | -4/Extension | Spotted B-86 Titan 7903 | -4/Extension | Lost 3 parts (2n1u) 7932 | -4/Extension | Rescued a captive Derelict 8022 | -4/Extension | Lost 5 parts (1p4n) 8034 | -4/Extension | Search patrols dispatched 8066 | -4/Extension | Core integrity fell below 50% 8076 | -4/Extension | Rescued a captive Derelict 8087 | -4/Extension | Rescued A7 8109 | -4/Extension | Lost 9 parts (1p3n4u1w) 8143 | -4/Extension | Rescued a captive Derelict 8150 | -4/Extension | Rescued a captive Derelict 8167 | -4/Extension | Rescued a captive Derelict 8171 | -4/Extension | Rescued a captive Derelict 8232 | -4/Extension | Discovered exit to Research (range 10) 8234 | -4/Extension | Discovered new exit (range 6) 8255 | -4/Extension | Entered Research 8255 | -3/Research | Accompanied by 4 allies (A7) 8255 | -3/Research | Evolved 2 slots: Weapon x2 8384 | -3/Research | Build established: Hacker-Mutant 8431 | -3/Research | Fabricated Cld. VTOL Module (x1) 8523 | -3/Research | System corruption reached 10% 8547 | -3/Research | Spotted B-86 Titan 8633 | -3/Research | Spotted B-86 Titan 8636 | -3/Research | Found Prototype Processor 8636 | -3/Research | Identified Exp. Target Analyzer 8666 | -3/Research | Garrison activated, responded to threat 8715 | -3/Research | Discovered new exit (range 4) 8728 | -3/Research | Entered Testing 8777 | -3/Testing | Discovered new exit (range 15) 8934 | -3/Testing | Fabricated Impulse Thruster Array? 8942 | -3/Testing | Entered Research 8942 | -2/Research | Evolved 2 slots: Utility x2 8953 | -2/Research | Identified exit to DSF 8953 | -2/Research | Entered DSF 8973 | -2/DSF | Additional patrols routed to DSF 9019 | -2/DSF | Discovered new exit (range 14) 9031 | -2/DSF | System corruption reached 10% 9031 | -2/DSF | Entered Access 9031 | -1/Access | Evolved 2 slots: Propulsion x2 9061 | -1/Access | Lost 13 parts (2p2n6u3w) 9084 | -1/Access | Spotted B-99 Colossus 9182 | -1/Access | Core integrity fell below 50% 9200 | -1/Access | Core integrity fell below 20% 9205 | -1/Access | Destroyed by S-43 Plague with Heavy Machine Gun Last Messages --------------- Impulse Thruster Array destroyed. Acquired Quantum Reactor. Adv. Signal Interpreter destroyed. Quantum Reactor destroyed. Nuclear Pulse Array destroyed. Impulse Thruster Array destroyed. Penetrated by Slug. S-43 Plague destroyed. Drone sends a signal. S-43 Plague destroyed. Penetrated by Slug. H-88 Terminator retrieves Drone. C-30 ARC bursts open, deploying its payload. G-73 Enforcer unfolds itself. Slug penetrates Wall. Penetrated by Slug. Critical hit (Burn: +37). Imp. Hacking Suite destroyed. Slug penetrates Wall. Penetrated by Slug. Map ----- +----------------------------------------------------+ | """ #??????? #??????????????????????????????? | | #?###### #??????????????????????????????? | | ### #??????????????????????????????? | | #??????????????????????????????? | | ########## #??????????????????????????????? | | ?????????# #####??????????????????????????????? | | #####????# #??????????????????????????????????? | | # ###### #??????????????????????????????????? | | # #??????????????????????????????????? | | # ##### #???? ??????????????????????????? | | ## ##???# #???? ???????????????????????? | | ?# #????# #???# ??????????????????????? | | ?# #????# #???# #??????????????????????? | | ##/###### ##### #??????????????????????? | | [ # % #??????????????????????? | | # g #??????????????????????? | | " # g g #??????????????????????? | | """ + g #??????????????????????? | | """ # #??????????????????????? | | " # !!! #??????????????????????? | | # !! =] #??????????????????????? | | ! # !! =] ##############?????????? | | ######### s ] ?????????? | | #######?# s h s ????????? | | =!! [ ## ss s s | ????????? | | =!! + ######### @ == ????????? | | !! ! # ####???????##+###### == ????????? | | ######## #???######? ?????????? ! ????????? | | #???### ###? # ??????????????????????? | | ##### # ] # ! " #????????????????????? | | # # """ #????????????????????? | | + # """ #????????????????????? | | # !! # " #????????????????????? | | ##### # !! # #????????????????????? | | ###########?###### #????????????????????? | | ## ####################?????????????????????? | | ## #?????????????????????????? | | % * #?????????????????????????? | | ### ! =% #?????????????????????????? | | #?# ##+######### #?????????????????????????? | | #####+#### ## ####??????????????????????? | | # # ## #??????????????????????? | | # # = ## #??????????????????????? | | # # " / #??????????????????????? | | #! # """ ####### #??????????????????????? | | # # """ #?????# #??????????????????????? | | # # " ####### #??????????????????????? | | # # = / #??????????????????????? | | # # #########??????????????????????? | | # = ##########??????????????????????????????? | +----------------------------------------------------+ Best States ------------- Heat Dissipation 84 Energy Generation 55 Energy Capacity 535 Matter Stores 300 Matter Capacity 300 Sight Range 18 Robot Scan Range 18 Terrain Scan Range 14 Terrain Scan Density 10 Jamming Range 12 Additional Mass Support 9 Resistance: KI 25 Evasion (%) 72 Targeting Accuracy 8 Recoil Reduction 1 Matter Filtering 30 Salvage Targeting 1 Offensive Hacking 47 Defensive Hacking 24 Authchip Count 1 Item Schematics ----------------- Bore Cannon | -9/Materials | Scanalyzed Cld. VTOL Module | -8/Materials | Scanalyzed Imp. EM Pulse Cannon | -7/Factory | Scanalyzed Impulse Thruster Array | -3/Testing | Scanalyzed Robot Schematics ------------------ None Fabricated ------------ Cld. VTOL Module | x1 | -7/Factory Cld. VTOL Module | x1 | -7/Factory Cld. VTOL Module | x1 | -5/Factory | Authchip Cld. VTOL Module | x1 | -5/Factory Cld. VTOL Module | x1 | -4/Factory Cld. VTOL Module | x1 | -3/Research Impulse Thruster Array | x1 | -3/Testing Alien Tech Used ----------------- None Achievements -------------- Can't Catch Me Cya! Denied? Prison Break Prolific Hacker Respectable Loadout Whoosh! Challenges ------------ None Game ------ Seed MicroAssemblySplitter Manual? 0 Play Time 03:44:21 Cumulative 117.8 hours Start 2022.04.24 @ 11:51:40 End 2022.04.25 @ 16:28:50 Sessions 7 Manual Loads 0 Difficulty Rogue Special Mode None Game No. 54 Rogue 54 Adventurer 0 Explorer 0 Win Type - Total 0 Types 0/0/0/0/0/0/0/0/0 Lore% 27 Gallery% 34 Achievement% 24 Wizard Run 0 Options --------- ASCII 0 Keyboard 0 Movement Numpad Keybinds 0 Fullscreen 1 Font 18/SmallcapsGlow Map View 76x50 Tactical HUD 0 Map Filters NONE Filters NONE Steam 1 RUN: 01cc71d9-cf79-4fe8-ab63-d02503358e64